 Dungeon Crawl Stone Soup version 0.30.0-29-ga12c61a403 (webtiles) character file.

Game seed: 6853406256970083850

21 LustLizard the Conjurer (level 2, -2/16 (18) HPs)
             Began as an Octopode Conjurer on June 8, 2023.
             Slain by a kobold
             ... wielding a +0 short sword
              (5 damage)
             ... on level 1 of the Dungeon.
             The game lasted 00:02:00 (1000 turns).

LustLizard the Conjurer (Octopode Conjurer)         Turns: 1000, Time: 00:02:00

HP:   -2/16 (18)    AC:  1    Str:  6    XL:     2   Next: 83%
MP:   5/5           EV: 13    Int: 20    God:
Gold: 65            SH:  0    Dex: 10    Spells: 4/5 levels left

rFire   . . .        (no weapon)
rCold   . . .        (no shield)
rNeg    . . .        (helmet restricted)
rPois   .            (no amulet)
rElec   .            (no ring)
rCorr   .            (no ring)
SInv    .            (no ring)
Will    .....        (no ring)
Stlth   +++          (no ring)
HPRegen 0.22/turn    (no ring)
MPRegen 0.09/turn    (no ring)
                     (no ring)

%: no passive effects
@: heavily drained
A: almost no armour, amphibious, 8 rings, camouflage 1, gelatinous body 1,
(nimble swimmer 1), tentacles
a: no special abilities


You were on level 1 of the Dungeon.
You visited 1 branch of the dungeon, and saw 1 of its levels.

You collected 65 gold pieces.

Inventory:

Armour
 c - a +0 kite shield
 d - an orb of light
Scrolls
 b - 2 scrolls of teleportation {unknown}
 e - a scroll of blinking {unknown}
Potions
 a - a potion of magic
 f - a potion of lignification {unknown}
 g - a potion of might {unknown}


   Skills:
 + Level 0.6 Fighting
 + Level 2.2 Dodging
 + Level 3.0 Stealth
 + Level 0.4 Unarmed Combat
 + Level 2.1 Spellcasting
 * Level 4.2 Conjurations


You had 4 spell levels left.
You knew the following spells:

 Your Spells              Type           Power      Damage    Failure   Level
a - Magic Dart            Conj           76%        1d6       2%          1

Your spell library contained the following spells:

 Spells                   Type           Power      Damage    Failure   Level
 Searing Ray              Conj           38%        2d5       4%          2
 Kiss of Death            Conj/Necr      40%        2d8       6%          1
 Dazzling Flash           Conj/Hex       20%        N/A       19%         3
 Confusing Touch          Hex            2%         N/A       43%         3
 Fulminant Prism          Conj/Hex       5%         3d7       54%         4
 Iskenderun's Mystic Bla  Conj/Tloc      10%        2d4       54%         4
 Dispel Undead            Necr           2%         3d7       83%         4


Dungeon Overview and Level Annotations

Branches:
Dungeon (1/15)

Altars:


Innate Abilities, Weirdness & Mutations

You cannot wear most types of armour.
You are amphibious.
You can wear up to eight rings at the same time.
Your skin changes colour to match your surroundings (Stealth+).
Your rubbery body absorbs attacks. (AC +1, EV +1)
((You are camouflaged when in or above water. (Stealth+)))
You have tentacles for arms and can constrict up to eight enemies at once.


Message History

You tentacle-slap the kobold, but do no damage.
The kobold is moderately wounded.
You constrict the kobold, but do no damage.
The kobold closely misses you.
You barely miss the kobold.
The kobold is moderately wounded.
You constrict the kobold. The kobold hits you but does no damage.
You tentacle-slap the kobold but do no damage.
Your squeeze misses the kobold.
The kobold is severely wounded.
You constrict the kobold.
You kill the kobold!
Things that are here:
a +0 whip; 3 stones A kobold and an endoplasm come into view.
The endoplasm quivers.
The endoplasm misses you.
You tentacle-slap the endoplasm.
The endoplasm is moderately wounded.
The kobold shouts!
The endoplasm freezes you.
You are frozen.
You tentacle-slap the endoplasm but do no damage.
The endoplasm is moderately wounded.
The kobold barely misses you. The endoplasm closely misses you.
You tentacle-slap the endoplasm but do no damage.
The endoplasm is moderately wounded.
The endoplasm hits you.
A goblin comes into view. It is wielding a +0 club.
The kobold misses you.
You barely miss the endoplasm.
The goblin shouts!
You squeeze the endoplasm.
You kill the endoplasm!
The kobold misses you.
The kobold hits you with a +0 short sword.
The goblin hits you with a +0 club.
* * * LOW HITPOINT WARNING * * *
The kobold hits you with a +0 short sword.
You die...

#.# #. #.. #. #.####
### #.#### .....#
##..... #.##.# #
##.....## #.##.# #
#.......# #.##.# #
#.....gK# #.##.#
#.....@.######.##.#####
##.....................
##...########.##.#####
##.## ####.##.# #.#
#....##.##### #.#
#.#####...... #.# #.#
######. #.# #.# #####
#. #.######.###...## #.


You could see a goblin and a kobold.

Vanquished Creatures
  2 ball pythons (D:1)
  4 endoplasms (D:1)
  A giant cockroach (D:1)
  A goblin (D:1)
  2 kobolds (D:1)
  2 quokkas (D:1)
  2 bats (D:1)
  3 frilled lizards (D:1)
  A rat (D:1)
  A spectral goblin (D:1)
19 creatures vanquished.

Notes
Turn   | Place    | Note
-------+----------+-------------------------------------------
     0 | D:1      | LustLizard the Octopode Conjurer began the quest for the
                  | Orb.
     0 | D:1      | Reached XP level 1. HP: 11/11 MP: 3/3
   425 | D:1      | Reached XP level 2. HP: 17/17 MP: 5/5
   810 | D:1      | Found a faded altar of an unknown god.
  1000 | D:1      | Slain by a kobold

Illustrated notes

Levels and vault maps discovered:
D:1:      reono_arrival_forest_river, layout_loops_ring,
          dreamdust_ecumenical_altar_drowned_temple

Skill      XL: |  1  2 |
---------------+-------+-----
Stealth        | 3 |  3.0
Fighting       | |  0.6
Dodging        | |  2.2
Unarmed Combat | |  0.4
Spellcasting   | |  2.1
Conjurations   | |  4.2

Action                     || total
---------------------------++-------
  Melee: Unarmed           ||    84
         Tentacles         ||    15
         Constrict         ||     9
         Punch             ||     1
   Stab: Sleeping          ||    11
         Distracted        ||     1
 Armour: Skin              ||     7
  Dodge: Dodged            ||    66
